 Dungeon Crawl Stone Soup version 0.30-a0-576-g89cddaab80 (webtiles) character file.

Game seed: 17264769054756024932

49 wormed the Ducker (level 3, -11/28 (30) HPs)
             Began as a Merfolk Monk on Dec 31, 2022.
             Mangled by a gnoll
             ... wielding a +0 halberd
              (15 damage)
             ... on level 2 of the Dungeon.
             The game lasted 00:02:05 (1024 turns).

wormed the Ducker (Merfolk Monk)                    Turns: 1024, Time: 00:02:06

HP:   -11/28 (30)   AC:  2    Str: 11    XL:     3   Next: 75%
MP:   3/3           EV: 14    Int:  9    God:
Gold: 71            SH:  0    Dex: 18    Spells: 2/2 levels left

rFire   . . .      SeeInvis .    i - +1 short sword (drain)
rCold   + . .      Faith    .    (no shield)
rNeg    . . .      Spirit   .    b - +0 robe
rPois   .          Reflect  .    (no helmet)
rElec   .          Harm     .    (no cloak)
rCorr   .          Rampage  .    (no gloves)
Will    .....                    (no boots)
Stlth   ++                       (no amulet)
HPRegen 0.24/turn                j - ring of protection from cold
MPRegen 0.08/turn                (no ring)

@: drained
A: (nimble swimmer 2), mertail
a: no special abilities


You were on level 2 of the Dungeon.
You visited 1 branch of the dungeon, and saw 2 of its levels.

You collected 71 gold pieces.

Inventory:

Hand Weapons
 a - a +0 falchion
 i - a +1 short sword of draining (weapon)
Armour
 b - a +0 robe (worn)
Jewellery
 j - a ring of protection from cold (left hand)
Scrolls
 d - a scroll of identify {unknown}
 f - a scroll of blinking {unknown}
 g - a scroll of fear {unknown}
 k - a scroll of enchant armour {unknown}
Potions
 c - a potion of ambrosia
 e - a potion of brilliance {unknown}
 h - a potion of haste {unknown}


   Skills:
 + Level 3.7 Fighting
 * Level 4.4 Long Blades
 + Level 4.5 Dodging
 + Level 2.9 Stealth


You had 2 spell levels left.
You didn't know any spells.
Your spell library was empty.

Dungeon Overview and Level Annotations

Branches:
Dungeon (2/15)

Altars:


Innate Abilities, Weirdness & Mutations

((You are very nimble when in or above water. (Stealth+, EV+, Speed+++)))
Your lower body shifts to a powerful aquatic tail in water.


Message History

2 gnolls come into view.
There are monsters nearby!
There are monsters nearby!
The gnoll shouts! x2
A gnoll comes into view. It is wielding a +0 club.
The gnoll shouts!
You hear a shout!
You barely miss the gnoll. The gnoll misses you.
A gnoll comes into view. It is wielding a +0 halberd.
You hit the gnoll but do no damage. You drain the gnoll.
The gnoll is moderately wounded.
You hit the gnoll. You drain the gnoll.
The gnoll is severely wounded.
The gnoll closely misses you.
You hit the gnoll.
You kill the gnoll!
You hit the gnoll.
The gnoll is heavily wounded.
The gnoll hits you with a +0 whip.
The gnoll hits you from afar with a +0 halberd!
You hit the gnoll. You drain the gnoll.
The gnoll is moderately wounded.
The gnoll hits you with a +0 club. The gnoll misses you.
The gnoll closely misses you. The gnoll closely misses you. x2
The gnoll misses you.
The gnoll hits you from afar with a +0 halberd.
The gnoll attacks as you move away! The gnoll barely misses you.
You barely miss the gnoll.
The gnoll is moderately wounded.
The gnoll misses you. The gnoll barely misses you.
You hit the gnoll. You drain the gnoll.
The gnoll is almost dead.
The gnoll misses you.
The gnoll hits you from afar with a +0 halberd!
* * * LOW HITPOINT WARNING * * *
You hit the gnoll.
You kill the gnoll!
The gnoll hits you from afar with a +0 halberd!
Ouch! That really hurt!
You die...

######## ......##
##.....##########
#...............# # #).g..#
##.###.###### .##
##..g####...........## ..#
####@##.#.#.#####.... #.#
##..........#####.##
#.###..###.#.#..........
#.#.#.# ##...########## #.##.#
#........... # #####
#.##.###.....###### # #...#
#.##.##...>†..##### #
###...### #.##.##...........#
.
#.......####.............###.#
#


You could see 2 gnolls.

Vanquished Creatures
  2 gnolls (D:2)
  An adder (D:2)
  3 ball pythons
  3 endoplasms
  2 giant cockroaches
  3 hobgoblins (D:2)
  3 bats
  4 frilled lizards
  6 goblins
  2 kobolds (D:2)
  A rat (D:2)
30 creatures vanquished.

Notes
Turn   | Place    | Note
-------+----------+-------------------------------------------
     0 | D:1      | wormed the Merfolk Monk began the quest for the Orb.
     0 | D:1      | Reached XP level 1. HP: 18/18 MP: 1/1
   171 | D:1      | Reached XP level 2. HP: 24/24 MP: 2/2
   177 | D:1      | Found a faded altar of an unknown god.
   464 | D:2      | Reached XP level 3. HP: 23/29 MP: 3/3
  1024 | D:2      | Mangled by a gnoll

Illustrated notes

Levels and vault maps discovered:
D:1:      minmay_arrival_jagged, layout_basic,
          hellmonk_ecumenical_altar_pennies_from_heaven, minmay_tromino_mix6
D:2:      layout_loops_ring, kennysheep_cross_room, minmay_tall_x

Skill      XL: |  1  2 |
---------------+-------+-----
Long Blades    | 4 |  4.4
Fighting       | |  3.7
Dodging        | |  4.5
Stealth        | |  2.9

Action                   || total
-------------------------++-------
Melee: Falchion          ||    49
       Short sword       ||    29
 Stab: Sleeping          ||     4
Armor: Robe              ||     7
Dodge: Dodged            ||    53

Table legend: (Time is in decaauts)
 A = Elapsed time spent in this place.
 B = Non-inter-level travel time spent in this place.
 C = Inter-level travel time spent in this place.
 D = Time resting spent in this place.
 E = Time spent auto-exploring this place.
 F = Levels seen in this place.
 G = Mean time per level.
                   A        B        C        D        E       F      G
               +--------+--------+--------+--------+--------+-----+--------+
         Total |   1023 |    977 |     46 |      0 |    751 |   2 |  511.5 |
       Dungeon |   1023 |    977 |     46 |      0 |    751 |   2 |  511.5 |
               +--------+--------+--------+--------+--------+-----+--------+

Top non-repeatable levels by time:
     D:2: 695 daAuts
     D:1: 327 daAuts
